 Dungeon Crawl Stone Soup version 0.20.1-1-g8b1a95d (webtiles) character file.

8381 grizmgrazm2 the Covert (level 11, -23/69 HPs)
             Began as a Vampire Enchanter on Oct 8, 2017.
             Was a Follower of Ashenzari.
             Killed from afar by a fire giant (40 damage)
             ... with a bolt of fire
             ... on level 12 of the Dungeon.
             The game lasted 00:38:13 (13901 turns).

grizmgrazm2 the Covert (Vampire Enchanter)         Turns: 13901, Time: 00:38:14

Health: -23/69     AC:  3    Str: 11    XL:     11   Next: 9%
Magic:  22/22      EV: 15    Int: 21    God:    Ashenzari [*.....]
Gold:   419        SH: 13    Dex: 15    Spells: 8/25 levels left

rFire    . . .     SeeInvis +   x - +0 dagger (elec)
rCold    + . .     Gourm    .   i - +2 buckler
rNeg     + + .     Faith    .   d - +1 robe {MR+}
rPois    +         Spirit   .   (no helmet)
rElec    .         Reflect  +   (no cloak)
rCorr    .         Harm     .   (no gloves)
MR       +++..                  (no boots)
Stlth    +++++++...             w - +6 amulet of reflection
Regen    0.1/turn               k - ring of protection from magic
MPRegen  0.2/turn               o - +4 ring of strength

@: about to teleport, regenerating slowly
A: fangs 3, see invisible, unbreathing
a: Bat Form, Curse Item, Scrying, Renounce Religion


You were on level 12 of the Dungeon.
You worshipped Ashenzari.
Ashenzari was aware of your devotion.
You were thirsty.

You visited 2 branches of the dungeon, and saw 13 of its levels.

You collected 419 gold pieces.

Inventory:

Hand Weapons
 a - a +4 dagger
 m - a +1 short sword of flaming
 p - a +3 dagger of speed
 x - a +0 dagger of electrocution (weapon)
Armour
 d - a +1 robe of magic resistance (worn)
 i - a +2 buckler (worn)
Jewellery
 k - a ring of protection from magic (left hand)
 o - a +4 ring of strength (right hand)
 r - an uncursed ring of protection from cold
 u - an uncursed ring of wizardry
 w - a +6 amulet of reflection (around neck)
Wands
 e - a wand of lightning (9/15)
 l - a wand of polymorph (17/24)
 n - a wand of iceblast (9/15)
 q - a wand of random effects (15/48)
 s - a wand of lightning (8/15)
 y - a wand of paralysis (17/24)
Scrolls
 f - 7 scrolls of teleportation
 g - a scroll of amnesia
Potions
 b - 3 potions of flight
 h - 5 potions of blood
 j - 2 potions of resistance
 t - 3 potions of agility
 A - a potion of cancellation
Books
 c - a book of Maledictions

   Spells                             Type                      Level
   a - Corona                         Hexes                        1
   b - Ensorcelled Hibernation        Hexes/Ice                    2
   c - Confuse                        Hexes                        3
   d - Tukima's Dance                 Hexes                        3
   e - Dazzling Spray                 Conjuration/Hexes            3
 v - a book of Enchantments

   Spells                             Type                      Level
   a - Cause Fear                     Hexes                        4
   b - Yara's Violent Unravelling     Hexes/Transmutation          5
   c - Silence                        Hexes/Air                    5
   d - Deflect Missiles               Charms/Air                   6
   e - Discord                        Hexes                        8


   Skills:
 - Level 0.8 Fighting
 + Level 5.4 Short Blades
 + Level 5.0 Dodging
 + Level 14.5 Stealth
 + Level 3.0 Shields
 + Level 7.6 Spellcasting
 + Level 12.1 Hexes
 + Level 4.4 Ice Magic


You had 8 spell levels left.
You knew the following spells:

 Your Spells              Type           Power        Failure   Level  Hunger
a - Ensorcelled Hibernat  Hex/Ice        #####.       1%          2    None
b - Confuse               Hex            ######..     1%          3    None
c - Tukima's Dance        Hex            ######..     1%          3    None
d - Cause Fear            Hex            ######....   1%          4    ###....
e - Yara's Violent Unrav  Hex/Tmut       ####......   21%         5    #####..


Dungeon Overview and Level Annotations

Branches:
Dungeon (12/15)            Temple (1/1) D:4
   Lair: D:8-11         Orc: D:9-12

Altars:
Ashenzari
Cheibriados
Dithmenos
Elyvilon
Fedhas
Gozag
Hepliaklqana
Kikubaaqudgha
Nemelex Xobeh
Okawaru
Qazlal
Ru
Sif Muna
Trog
Uskayaw
Vehumet
Xom
Yredelemnul
Zin

Shops:
D:10 (

Annotations:
D:11 Urug


Innate Abilities, Weirdness & Mutations

You heal slowly.
You have razor-sharp teeth.
You have supernaturally acute eyesight. (SInv)
You can survive without breathing.


Message History

The fire giant shouts!
The fire giant gestures at you while chanting.
The bolt of fire hits you!
Ouch! That really hurt!
* * * LOW HITPOINT WARNING * * *
The hound barks!
Casting: Confuse
Confirm with . or Enter, or press ? or * to list all spells.
Aiming: Confuse
Press: ? - help, Shift-Dir - straight line, f - hound
Aim: a hound (chance to defeat MR: 81%)
Okay, then.
Okay, then.
As you read the scroll of teleportation, it crumbles to dust.
You feel strangely unstable. You block the hound's attack.
You block the hound's attack.
The fire giant gestures at you while chanting.
The bolt of fire hits you!
Ouch! That really hurt!
You die...

#....)##
#......§
#..##...
#.......
######## ##
#.......
#.#)...# #.#
#......#
#.....# #.##
#..###.#
#.....##.#.#
#.. #.#
##....#@#.## #.
#.#
#####......h..#
#. #†#
#......![..C..#
###'#
#.....[.......#
#....
#......[?.....#
#....
#.........#####
#....
##.###....#
#.... #.##
#....# #..##'##
##.###....#
#..##.#.


You could see a fire giant and a hound.

Vanquished Creatures
  A frost giant (D:12)
  A two-headed ogre (D:12)
  A phantasmal warrior (D:12)
  A deep elf mage (D:12)
  The ghost of Xephys the Cleaver, a novice MiBe of Trog (D:5)
  Maurice (D:10)
  A merfolk (D:12)
  A troll (D:12)
  A hornet (D:12)
  A wraith (D:12)
  A steam dragon (D:11)
  A water moccasin (D:6)
  An orc warrior (D:12)
  3 ice beasts
  A black bear (D:6)
  A sky beast (D:5)
  An ogre (D:7)
  A necrophage (D:12)
  2 phantoms (D:7)
  5 centaurs
  A big kobold (D:8)
  2 bullfrogs
  A gnoll sergeant (D:8)
  7 killer bees
  2 scorpions
  6 crimson imps
  3 howler monkeys
  5 centaur zombies
  3 hounds
  A quasit (D:8)
  A bullfrog skeleton (D:5)
  A jelly (D:6)
  4 orc priests
  2 centaur skeletons
  6 orc wizards
  Jessica (D:4)
  3 iguanas
  4 worker ants
  A hound skeleton (D:8)
  A howler monkey zombie (D:8)
  2 worker ant zombies
  10 gnolls
  8 adders
  4 shadow imps
  2 oozes
  2 adder skeletons
  2 adder zombies
  3 worms
  3 dart slugs
  6 leopard geckos
  28 orcs
  A bat zombie (D:8)
  10 giant cockroaches
  12 goblins
  6 hobgoblins
  8 jackals
  3 quokkas
  8 bats
  6 frilled lizards
  9 kobolds
  2 leopard gecko skeletons
  A quokka skeleton (D:5)
  22 rats
240 creatures vanquished.

Vanquished Creatures (collateral kills)
  A two-headed ogre (D:12)
  An orc warrior (D:8)
2 creatures vanquished.

Grand Total: 242 creatures vanquished

Notes
Turn   | Place    | Note
-------+----------+-------------------------------------------
     0 | D:1      | grizmgrazm2 the Vampire Enchanter began the quest for the Orb.
     0 | D:1      | Reached XP level 1. HP: 13/13 MP: 3/3
    85 | D:1      | Reached XP level 2. HP: 19/19 MP: 5/5
    89 | D:1      | Learned a level 2 spell: Ensorcelled Hibernation
   112 | D:1      | Reached skill level 5 in Hexes
   463 | D:1      | Reached skill level 5 in Stealth
   725 | D:1      | Reached XP level 3. HP: 23/25 MP: 1/6
   730 | D:1      | Learned a level 3 spell: Confuse
  1764 | D:2      | Reached XP level 4. HP: 21/31 MP: 4/7
  2549 | D:3      | Reached skill level 6 in Stealth
  2654 | D:4      | Reached skill level 1 in Ice Magic
  2654 | D:4      | Reached XP level 5. HP: 24/36 MP: 3/8
  2714 | D:4      | Learned a level 3 spell: Tukima's Dance
  2721 | D:4      | Reached skill level 1 in Shields
  2874 | D:4      | Found a stormy altar of Qazlal.
  3247 | D:4      | Found a staircase to the Ecumenical Temple.
  3257 | Temple   | Entered the Ecumenical Temple
  3291 | Temple   | Became a worshipper of Ashenzari the Shackled
  3622 | D:4      | Noticed Jessica
  3646 | D:4      | Killed Jessica
  3663 | D:4      | Found a deep blue altar of Sif Muna.
  3716 | D:4      | Reached XP level 6. HP: 42/42 MP: 7/10
  4250 | D:5      | Entered Level 5 of the Dungeon
  4326 | D:5      | Reached skill level 7 in Stealth
  4476 | D:5      | Noticed Xephys's ghost (novice MiBe)
  5270 | D:5      | Killed Xephys's ghost
  5270 | D:5      | Reached skill level 8 in Stealth
  5270 | D:5      | Reached XP level 7. HP: 43/47 MP: 5/12
  6858 | D:7      | Reached skill level 9 in Stealth
  6860 | D:7      | Reached XP level 8. HP: 53/53 MP: 14/14
  7383 | D:7      | Found a basalt altar of Yredelemnul.
  7959 | D:6      | Reached * piety under Ashenzari
  8509 | D:6      | Reached skill level 5 in Spellcasting
  8690 | D:5      | Reached skill level 10 in Stealth
  9575 | D:7      | Reached XP level 9. HP: 58/58 MP: 17/17
  9789 | D:7      | Reached skill level 11 in Stealth
 10518 | D:7      | Reached skill level 10 in Hexes
 10541 | D:7      | Found a sparkling altar of Nemelex Xobeh.
 11171 | D:8      | Found a white marble altar of Elyvilon.
 11385 | D:8      | Learned a level 4 spell: Cause Fear
 11391 | D:8      | Learned a level 5 spell: Yara's Violent Unravelling
 11482 | D:8      | Reached skill level 12 in Stealth
 11968 | D:8      | Found an ancient bone altar of Kikubaaqudgha.
 11999 | D:8      | Noticed a red ugly thing
 12051 | D:8      | HP: 1/58 [killer bee (3)]
 12059 | D:10     | Entered Level 10 of the Dungeon
 12059 | D:10     | Noticed Urug
 12059 | D:10     | Noticed Maurice
 12060 | D:10     | Killed Maurice
 12060 | D:10     | Reached XP level 10. HP: 12/64 MP: 4/19
 12090 | D:10     | HP: 2/64 [orc wizard/puff of flame (5)]
 12092 | D:10     | Found Veuggaug's Antique Weapon Shop.
 12098 | D:10     | HP: 1/64 [orc wizard/dagger (1)]
 12865 | D:11     | Noticed a skeletal warrior
 12865 | D:11     | Noticed a skeletal warrior
 12865 | D:11     | Noticed a skeletal warrior
 12902 | D:12     | Noticed a two-headed ogre
 12911 | D:12     | Killed a two-headed ogre
 12911 | D:12     | Reached skill level 13 in Stealth
 13041 | D:12     | Noticed a deep elf mage
 13058 | D:12     | Killed a deep elf mage
 13058 | D:12     | Reached skill level 5 in Short Blades
 13338 | D:12     | Noticed an orc knight
 13438 | D:12     | Noticed a two-headed ogre
 13444 | D:12     | Killed a two-headed ogre
 13647 | D:12     | Noticed a phantasmal warrior
 13649 | D:12     | Noticed a frost giant
 13651 | D:12     | Killed a phantasmal warrior
 13651 | D:12     | Reached skill level 14 in Stealth
 13797 | D:12     | Noticed a fire giant
 13811 | D:12     | Killed a frost giant
 13811 | D:12     | Reached XP level 11. HP: 54/69 MP: 19/22
 13817 | D:12     | Reached skill level 5 in Dodging
 13901 | D:12     | Killed from afar by a fire giant

Skill      XL: |  1  2  3  4  5  6  7  8  9 10 11 |
---------------+----------------------------------+-----
Hexes          | 5 7 8 9 10 12 | 12.1
Stealth        | 5 6 8 9 10 12 14 | 14.5
Short Blades   | 2 3 4 5 |  5.4
Ice Magic      | 1 2 3 4 |  4.4
Shields        | 1 2 3 |  3.0
Spellcasting   | 3 4 5 6 7 |  7.6
Dodging        | 3 4 5 |  5.0
Fighting       | |  0.8

Action                   |  1- 3 |  4- 6 |  7- 9 | 10-12 || total
-------------------------+-------+-------+-------+-------++-------
Melee: Dagger            |    92 |   109 |   258 |    51 ||   510
       Bite              |     4 |    12 |    20 |     5 ||    41
       Short sword       |       |    44 |       |       ||    44
 Cast: Corona            |     2 |       |       |       ||     2
       Ensorcelled Hiber |    22 |    27 |    95 |    13 ||   157
       Confuse           |     1 |    17 |    56 |    10 ||    84
       Tukima's Dance    |       |       |     1 |     3 ||     4
 Abil: End Transformatio |       |     1 |     2 |     1 ||     4
       Bat Form          |       |     1 |     2 |     1 ||     4
  Use: Scroll            |     5 |     9 |    16 |     1 ||    31
       Potion            |     1 |     7 |    12 |     5 ||    25
 Stab: Sleeping          |    24 |    41 |    76 |    14 ||   155
       Confused          |       |     6 |    26 |     9 ||    41
Armor: Robe              |    15 |    15 |    10 |     4 ||    44
Dodge: Dodged            |    54 |    52 |    84 |    20 ||   210
Block: Buckler           |    14 |    27 |    65 |    29 ||   135
       Reflection        |       |       |     2 |     1 ||     3
       Other             |       |       |       |     2 ||     2
